 Dungeon Crawl Stone Soup version 0.29-a0-369-gd956c00756 (webtiles) character file.

Game seed: 15879726129123081544

362 Antichthon the Covered (level 6, 0/38 HPs)
             Began as a Gargoyle Fighter on May 2, 2022.
             Slain by an iguana (10 damage)
             ... on level 5 of the Dungeon.
             The game lasted 00:03:23 (3065 turns).

Antichthon the Covered (Gargoyle Fighter)           Turns: 3065, Time: 00:03:24

Health: 0/38       AC: 16    Str: 21    XL:     6   Next: 66%
Magic:  7/7        EV:  7    Int:  9    God:
Gold:   129        SH:  4    Dex:  9    Spells: 5/5 levels left

rFire   . . .      SeeInvis .   a - +0 flail
rCold   . . .      Faith    .   c - +0 buckler
rNeg    + . .      Spirit   .   e - +0 chain mail
rPois   ∞          Reflect  .   k - +1 helmet
rElec   +          Harm     .   (no cloak)
rCorr   .          Rampage  .   (no gloves)
Will    .....                   (no boots)
Stlth   ..........              (no amulet)
HPRegen 0.12/turn               (no ring)
MPRegen 0.10/turn               (no ring)

@: no status effects
A: sickness immunity, AC +4, negative energy resistance 1, electricity
resistance, torment resistance 1, petrification resistance
a: no special abilities


You were on level 5 of the Dungeon.
You visited 1 branch of the dungeon, and saw 4 of its levels.

You collected 129 gold pieces.

Inventory:

Hand Weapons
 a - a +0 flail (weapon)
Armour
 c - a +0 buckler (worn)
 e - a +0 chain mail (worn)
 k - a +1 helmet (worn)
Scrolls
 g - 3 scrolls of fear
 j - a scroll of teleportation
 l - a scroll of identify
Potions
 b - a potion of mutation
 d - 2 potions of might
 h - a potion of flight {unknown}
 i - a potion of haste {unknown}


   Skills:
 * Level 4.1 Fighting
 * Level 4.3 Maces & Flails
 * Level 4.6 Armour
 * Level 1.3 Dodging
 * Level 4.1 Shields
 * Level 1.8 Invocations


You had 5 spell levels left.
You didn't know any spells.
Your spell library contained the following spells:

 Spells                   Type           Power      Damage    Failure   Level
 Call Canine Familiar     Summ           0%         N/A       100%        3
 Portal Projectile        Hex/Tloc       0%         N/A       100%        3
 Leda's Liquefaction      Hex/Erth       0%         N/A       100%        4


Dungeon Overview and Level Annotations

Branches:
Dungeon (3/15)

Altars:
Xom
The Shining One


Innate Abilities, Weirdness & Mutations

You are immune to sickness and miasma.
Your stone body is resilient. (AC +4)
You are immune to poison.
You resist negative energy. (rN+)
You are resistant to electric shocks. (rElec)
You are resistant to unholy torment.
You are immune to petrification.


Message History

You feel better.
The hound bites you but does no damage. x2
You barely miss the hound.
The hound is severely wounded.
You block the hound's attack. The hound completely misses you.
You closely miss the hound.
The hound is severely wounded.
The hound bites you.
You closely miss the hound.
The hound is severely wounded.
The hound bites you but does no damage. x2
You closely miss the hound.
The hound is severely wounded.
You block the hound's attack. The hound bites you but does no damage.
You hit the hound but do no damage.
The hound is severely wounded.
You block the hound's attack. The hound bites you.
You closely miss the hound.
The hound is severely wounded.
The hound bites you. The hound barely misses you.
You sock the hound!
You kill the hound!
You closely miss the iguana.
The iguana bites you but does no damage.
You barely miss the iguana. The iguana bites you.
* * * LOW HITPOINT WARNING * * *
The iguana bites you but does no damage.
You hit the iguana.
The iguana is lightly wounded.
The iguana bites you.
* * * LOW HITPOINT WARNING * * *
You hit the iguana.
The iguana is heavily wounded.
The iguana bites you.
* * * LOW HITPOINT WARNING * * *
You hit the iguana but do no damage.
The iguana is heavily wounded.
The iguana closely misses you.
Unknown command.
You feel better. The iguana bites you!
You die...

w.. #......# #.#
#......#
.#.###o######......#
.......o.......###.##
.....#...#ow#### #.#
.... ##.##w## #.# +##
#.##o# #.# ..##l# #.#
##..#@# #.# ##.#.#
#.# #.# #.# #.# #.#
..# #.######## .##
#.##...... .
#.##.##### .. #.##.#
#.##.#


You could see a worm, an iguana, a dart slug and 2 orcs.

Vanquished Creatures
  An ice beast (D:5)
  A phantom (D:5)
  A scorpion (D:5)
  2 hounds (D:5)
  2 adders (D:2)
  A dart slug (D:2)
  An orc (D:3)
  6 bats
  6 endoplasms
  3 giant cockroaches
  A hobgoblin (D:1)
  6 kobolds
  2 quokkas
  5 ball pythons
  6 frilled lizards
  3 goblins
  4 rats
51 creatures vanquished.

Notes
Turn   | Place    | Note
-------+----------+-------------------------------------------
     0 | D:1      | Antichthon the Gargoyle Fighter began the quest for the
                  | Orb.
     0 | D:1      | Reached XP level 1. HP: 14/14 MP: 1/1
    24 | D:1      | Found a faded altar of an unknown god.
   249 | D:1      | Reached XP level 2. HP: 18/19 MP: 2/2
   936 | D:2      | Reached XP level 3. HP: 23/23 MP: 3/3
  1789 | D:2      | Reached XP level 4. HP: 29/29 MP: 4/4
  1994 | D:2      | Found a shimmering altar of Xom.
  2603 | D:3      | You fall into a shaft and drop 2 floors!
  2603 | D:5      | Entered Level 5 of the Dungeon
  2603 | D:5      | Noticed an ice beast
  2623 | D:5      | Killed an ice beast
  2624 | D:5      | Reached skill level 1 in Dodging
  2624 | D:5      | Reached skill level 1 in Invocations
  2624 | D:5      | Reached XP level 5. HP: 9/33 MP: 5/5
  2847 | D:5      | Noticed a phantom
  2866 | D:5      | Killed a phantom
  2867 | D:5      | Reached XP level 6. HP: 24/38 MP: 5/7
  3007 | D:5      | Found a glowing golden altar of the Shining One.
  3065 | D:5      | Slain by an iguana

Illustrated notes

Levels and vault maps discovered:
D:1:      dpeg_arrival_arbitrary_a, layout_loops_ring,
          hellmonk_ecumenical_altar_pennies_from_heaven
D:2:      layout_basic, basic_altar
D:3:      layout_basic
D:5:      mumra_celtic_spiral_tile, layout_basic, minmay_ruined_shrine,
          uniq_ijyb

Skill      XL: |  1  2  3  4  5  6 |
---------------+-------------------+-----
Maces & Flails | 3 4 |  4.3
Armour         | 4 |  4.6
Dodging        | 1 |  1.3
Invocations    | 1 |  1.8
Fighting       | 4 |  4.1
Shields        | 4 |  4.1

Action                   |  1- 3 |  4- 6 || total
-------------------------+-------+-------++-------
Melee: Flail             |   123 |   105 ||   228
  Use: Scroll            |     7 |     1 ||     8
       Potion            |       |     3 ||     3
Armor: Chain mail        |   104 |    83 ||   187
Dodge: Dodged            |    69 |    35 ||   104
Block: Buckler           |    38 |    30 ||    68

Table legend: (Time is in decaauts)
 A = Elapsed time spent in this place.
 B = Non-inter-level travel time spent in this place.
 C = Inter-level travel time spent in this place.
 D = Time resting spent in this place.
 E = Time spent auto-exploring this place.
 F = Levels seen in this place.
 G = Mean time per level.
                   A        B        C        D        E       F      G
               +--------+--------+--------+--------+--------+-----+--------+
         Total |   3137 |   3049 |     88 |    325 |   2096 |   4 |  784.2 |
       Dungeon |   3137 |   3049 |     88 |    325 |   2096 |   4 |  784.2 |
               +--------+--------+--------+--------+--------+-----+--------+

Top non-repeatable levels by time:
     D:2: 1292 daAuts
     D:1: 901 daAuts
     D:5: 481 daAuts
     D:3: 462 daAuts
